 Dungeon Crawl Stone Soup version 0.25.0-9-g26727b657a (webtiles) character file.

Game seed: 9926816751669607843

149 funshine the Chiller (level 5, 12/28 HPs)
             Began as a Gargoyle Ice Elementalist on June 19, 2020.
             Quit the game on level 3 of the Dungeon on June 21, 2020.
             The game lasted 00:18:40 (1889 turns).

funshine the Chiller (Gargoyle Ice Elementalist)    Turns: 1889, Time: 00:18:40

Health: 12/28      AC: 11    Str: 12    XL:     5   Next: 31%
Magic:  0/9        EV: 12    Int: 16    God:
Gold:   102        SH:  0    Dex: 10    Spells: 6/10 levels left

rFire    . . .     SeeInvis .   (no weapon)
rCold    . . .     Gourm    .   (no shield)
rNeg     + . .     Faith    .   a - +1 robe
rPois    ∞         Spirit   .   (no helmet)
rElec    +         Reflect  .   (no cloak)
rCorr    .         Harm     .   (no gloves)
MR       .....                  (no boots)
Stlth    ++........             (no amulet)
HPRegen  0.09/turn              q - +4 ring of protection
MPRegen  0.11/turn              (no ring)

@: no status effects
A: negative energy resistance 1, electricity resistance, unbreathing,
petrification resistance, rot immunity, AC +4
a: no special abilities


You were on level 3 of the Dungeon.
You were hungry.

You visited 1 branch of the dungeon, and saw 3 of its levels.

You collected 102 gold pieces.

Inventory:

Hand Weapons
 g - a +1 mace
 o - a +0 mace
Missiles
 d - 33 arrows
Armour
 a - a +1 robe (worn)
 f - a +0 kite shield
Jewellery
 q - a +4 ring of protection (left hand)
Scrolls
 k - 4 scrolls of remove curse
 l - a scroll of amnesia
Potions
 b - 3 potions of curing {unknown}
 h - 2 potions of heal wounds {unknown}
 i - a potion of might {unknown}
 j - 2 potions of berserk rage {unknown}
 n - a potion of lignification {unknown}
 r - a potion of invisibility {unknown}
Comestibles
 c - 2 rations


   Skills:
 + Level 2.4 Dodging
 + Level 3.3 Stealth
 + Level 3.0 Spellcasting
 + Level 4.9 Ice Magic


You had 6 spell levels left.
You knew the following spells:

 Your Spells              Type           Power        Failure   Level  Hunger
a - Freeze                Ice            ###.         2%          1    #......
b - Frozen Ramparts       Ice            ###...       8%          3    ###....

Your spell library contained the following spells:

 Spells                   Type           Power        Failure   Level  Hunger
 Ozocubu's Armour         Chrm/Ice       ##......     21%         3    ###....
 Hailstorm                Conj/Ice       ##......     56%         4    #####..
 Summon Ice Beast         Ice/Summ       ##......     56%         4    #####..


Dungeon Overview and Level Annotations

Branches:
Dungeon (3/15)

Altars:
Okawaru

Annotations:
D:3 1 transporter


Innate Abilities, Weirdness & Mutations

You are resistant to torment.
Your stone body is resilient. (AC +4)
You are immune to poison.
You resist negative energy. (rN+)
You are resistant to electric shocks. (rElec)
You can survive without breathing.
You are immune to petrification.
You are immune to rotting.


Message History

You kill the goblin!
The jackal barely misses you. The gnoll hits you!
As you read the scroll labeled ISUQUA CACA, it crumbles to dust.
It is a scroll of enchant armour.
Your +0 robe glows green for a moment.
The jackal barks!
The jackal closely misses you. The orc closely misses you.
The jackal closely misses you.
The wall freezes the orc.
The orc hits you with a +0 whip.
The jackal bites you but does no damage.
The gnoll closely misses you.
As you read the scroll labeled CINU XIWYNWY, it crumbles to dust.
It is a scroll of enchant weapon.
Your mace glows red for a moment.
The frozen ramparts melt away.
The jackal misses you. The orc hits you but does no damage.
The jackal closely misses you. The orc closely misses you.
The orc barely misses you. The jackal misses you. The gnoll closely misses you.
Quiver which item? (- for none, * to show all) (? for menu, Esc to quit)
Okay, then.
Are you sure you want to abandon this character and quit the game? (Confirm with "yes".)

.# .### .# ...#
###### #.#
#..##....# ..#
#..#hh..# .###..
.###.g@o..# ..
.>....
......)oog.#<...
.###..
....###)(..#....
.###..
######.)(.g.....
......
≈≈≈≈≈#.....h....
.#####
....§#..........
.#
.....'..........
.####..
.....'.$.#......
.......
....≈#...##.##..


You could see 2 gnolls, 3 orcs, 3 jackals and a goblin.

Vanquished Creatures
  An orc wizard (D:3)
  Jessica (D:2)
  A gnoll (D:3)
  2 adders
  An ooze (D:2)
  2 worms (D:2)
  3 leopard geckos
  An orc (D:3)
  3 giant cockroaches
  9 goblins
  9 hobgoblins
  A jackal (D:3)
  A quokka (D:3)
  5 bats
  3 frilled lizards
  6 kobolds
  6 rats
55 creatures vanquished.

Notes
Turn   | Place    | Note
-------+----------+-------------------------------------------
     0 | D:1      | funshine the Gargoyle Ice Elementalist began the quest for
                  | the Orb.
     0 | D:1      | Reached XP level 1. HP: 10/10 MP: 3/3
   132 | D:1      | Reached XP level 2. HP: 15/15 MP: 3/5
   761 | D:2      | Reached XP level 3. HP: 19/19 MP: 2/6
   906 | D:2      | Noticed Jessica
   909 | D:2      | Killed Jessica
   911 | D:2      | Reached XP level 4. HP: 24/24 MP: 3/7
   985 | D:2      | Learned a level 3 spell: Frozen Ramparts
  1779 | D:3      | Found an iron altar of Okawaru.
  1830 | D:3      | Found a transporter.
  1885 | D:3      | Reached XP level 5. HP: 20/28 MP: 0/9
  1889 | D:3      | Quit the game

Illustrated notes

Levels and vault maps discovered:
D:1:      onia_arrival_pentagram, layout_basic, chequers_serial_rivers_small_3
D:2:      layout_basic, uniq_jessica
D:3:      layout_rooms, lemuel_crystal_altar, gammafunk_ghost_mausoleum,
          kennysheep_generic_room_15

Skill      XL: |  1  2  3  4  5 |
---------------+----------------+-----
Dodging        | 2 |  2.4
Stealth        | 3 |  3.3
Spellcasting   | 3 |  3.0
Ice Magic      | |  4.9

Action                   |  1- 3 |  4- 6 || total
-------------------------+-------+-------++-------
Melee: Unarmed           |     2 |    20 ||    22
 Cast: Freeze            |    38 |    36 ||    74
       Frozen Ramparts   |       |     2 ||     2
  Use: Scroll            |     1 |     5 ||     6
  Eat: Ration            |       |     1 ||     1
Armor: Robe              |     8 |    20 ||    28
Dodge: Dodged            |    17 |    40 ||    57
